 Dungeon Crawl Stone Soup version 0.28.0-53-g5a82cb258f (webtiles) character file.

Game seed: 3894477236448561987

48 DildoBatman the Conjurer (level 4, -7/32 HPs)
             Began as a Formicid Conjurer on July 19, 2022.
             Mangled by a phantom (9 damage)
             ... on level 4 of the Dungeon.
             The game lasted 00:02:55 (1644 turns).

DildoBatman the Conjurer (Formicid Conjurer)        Turns: 1644, Time: 00:02:56

Health: -7/32      AC:  2    Str: 12    XL:     4   Next: 0%
Magic:  5/8        EV:  9    Int: 17    God:
Gold:   114        SH:  0    Dex: 11    Spells: 5/8 levels left

rFire   . . .      SeeInvis +   b - +0 long sword
rCold   . . .      Faith    .   (no shield)
rNeg    . . .      Spirit   .   a - +0 robe
rPois   .          Reflect  .   (helmet unavailable)
rElec   .          Harm     .   (no cloak)
rCorr   .          Rampage  .   (no gloves)
Will    .....                   (no boots)
Stlth   ++........              (no amulet)
HPRegen 0.10/turn               (no ring)
MPRegen 0.11/turn               (no ring)

@: constricted
A: permanent stasis, dig shafts and tunnels, antennae 3, four strong arms
a: Dig, Shaft Self


You were on level 4 of the Dungeon.
You visited 1 branch of the dungeon, and saw 3 of its levels.

You collected 114 gold pieces.

Inventory:

Hand Weapons
 b - a +0 long sword (weapon)
Missiles
 e - 22 stones
 f - 51 arrows
Armour
 a - a +0 robe (worn)
Scrolls
 c - a scroll of enchant armour {unknown}
 d - a scroll of fog {unknown}
 h - a scroll of fear {unknown}
 j - a scroll of noise {unknown}
Potions
 g - a potion of lignification {unknown}
 i - a potion of brilliance {unknown}
 k - a potion of heal wounds {unknown}


   Skills:
 * Level 1.4 Fighting
 * Level 1.5 Armour
 - Level 2.0 Dodging
 - Level 2.4 Stealth
 * Level 2.7 Spellcasting
 * Level 3.9 Conjurations


You had 5 spell levels left.
You knew the following spells:

 Your Spells              Type           Power      Damage    Failure   Level
a - Searing Ray           Conj           30%        2d5       5%          2
c - Magic Dart            Conj           60%        1d6       3%          1

Your spell library contained the following spells:

 Spells                   Type           Power      Damage    Failure   Level
 Dazzling Flash           Conj/Hex       18%        N/A       24%         3
 Fulminant Prism          Conj/Hex       4%         3d6       63%         4
 Iskenderun's Mystic Bla  Conj/Tloc      9%         2d4       63%         4


Dungeon Overview and Level Annotations

Branches:
Dungeon (2/15)

Altars:
The Shining One


Innate Abilities, Weirdness & Mutations

You cannot be hasted, slowed, berserked, paralysed or teleported.
You can dig through walls and to a lower floor.
You have a pair of large antennae on your head. (SInv)
Your four strong arms can wield two-handed weapons with a shield.


Message History

Anything else - Cancel.
You shout for attention!
The ball python bites you. The ball python constricts you.
The phantom hits you.
The quokka bites you but does no damage.
What are your orders? t - Shout!
Orders for allies: a - Attack new target. r - Retreat! s - Stop attacking. g - Guard the area. f - Follow me.
Anything else - Cancel.
You shout for attention!
The ball python bites you. The ball python constricts you.
The quokka closely misses you. The phantom hits you. The ball python bites you.
The ball python constricts you. What are your orders? t - Shout!
Orders for allies: a - Attack new target. r - Retreat! s - Stop attacking. g - Guard the area. f - Follow me.
Anything else - Cancel.
You shout for attention!
The quokka closely misses you. The phantom closely misses you.
The ball python bites you. The ball python constricts you.
What are your orders? t - Shout!
Orders for allies: a - Attack new target. r - Retreat! s - Stop attacking. g - Guard the area. f - Follow me.
Anything else - Cancel.
You shout for attention!
The quokka barely misses you. The phantom hits you!
You die...

.#... .....
....##
......
#...... {
...$...
##r......
#@W......
#S.......
.........
..........
.....###.>.
......# ..
.......# .
>##......


You could see a phantom, a quokka and a ball python.

Vanquished Creatures
  2 dart slugs
  2 endoplasms
  4 goblins (D:1)
  4 hobgoblins
  8 jackals
  A quokka (D:1)
  4 ball pythons
  4 bats (D:1)
  A frilled lizard (D:1)
  3 kobolds
  7 rats
40 creatures vanquished.

Notes
Turn   | Place    | Note
-------+----------+-------------------------------------------
     0 | D:1      | DildoBatman the Formicid Conjurer began the quest for the
                  | Orb.
     0 | D:1      | Reached XP level 1. HP: 13/13 MP: 3/3
   178 | D:1      | Reached XP level 2. HP: 20/20 MP: 3/5
   181 | D:1      | Learned a level 2 spell: Searing Ray
   508 | D:1      | Reached skill level 1 in Armour
   551 | D:1      | Reached skill level 1 in Fighting
   551 | D:1      | Reached XP level 3. HP: 26/26 MP: 0/6
  1196 | D:2      | Found a glowing golden altar of the Shining One.
  1623 | D:2      | Reached XP level 4. HP: 29/32 MP: 3/8
  1625 | D:2      | You fall into a shaft and drop 2 floors!
  1630 | D:4      | Noticed a phantom
  1644 | D:4      | Mangled by a phantom

Illustrated notes

Levels and vault maps discovered:
D:1:      psy_arrival_fountain, layout_basic
D:2:      layout_basic, basic_altar, patterned_corridor
D:4:      layout_cave_pools, minmay_temple_entry_offerings

Skill      XL: |  1  2 |
---------------+-------+-----
Dodging        | 2 |  2.0
Armour         | 1 |  1.5
Fighting       | 1 |  1.4
Stealth        | |  2.4
Spellcasting   | |  2.7
Conjurations   | |  3.9

Action                   |  1- 3 |  4- 6 || total
-------------------------+-------+-------++-------
Melee: Long sword        |    22 |       ||    22
       Punch             |     1 |       ||     1
 Cast: Magic Dart        |    36 |       ||    36
       Searing Ray       |     7 |       ||     7
 Abil: Shaft Self        |       |     1 ||     1
 Stab: Sleeping          |     1 |       ||     1
Armor: Robe              |     9 |     6 ||    15
Dodge: Dodged            |    24 |    14 ||    38
